 Dungeon Crawl Stone Soup version 0.31-a0-460-g9e667d4245 (webtiles) character file.

Game seed: 8592099194787230545

25 Xavori the Slasher (level 3, 11/11 (15) HPs)
             Began as a Vine Stalker Chaos Knight on Aug 4, 2023.
             Was a Plaything of Xom.
             Quit the game on level 1 of the Dungeon.
             The game lasted 00:00:47 (9336 turns).

Xavori the Slasher (Vine Stalker Chaos Knight)      Turns: 9336, Time: 00:00:48

HP:   11/11 (15)    AC:  5    Str: 20      XL:     3   Next: 4%
MP:   4/4           EV: 11    Int: 10 (11) God:    Xom [...*..]
Gold: 70            SH:  0    Dex: 12      Spells: 3/3 levels left

rFire   . . .        a - +0 falchion (chaos)
rCold   . . .        (no shield)
rNeg    . . .        b - +2 leather armour
rPois   +            (no helmet)
rElec   .            (no cloak)
rCorr   .            (no gloves)
SInv    .            (no boots)
Will    .....        (no amulet)
Stlth   +            (no ring)
HPRegen 0.21/turn    (no ring)
MPRegen 0.09/turn

%: random rage (3%), guardian spirit
@: very heavily drained
A: fangs 2, magic shield, antimagic bite, no potion heal 2, berserk 1, frail 2,
poison resistance, strong 1
a: Renounce Religion


You were on level 1 of the Dungeon.
You worshipped Xom.
You were a favourite toy of Xom.
You visited 1 branch of the dungeon, and saw 2 of its levels.

You collected 70 gold pieces.

Inventory:

Hand Weapons
 a - a +0 falchion of chaos (weapon)
Armour
 b - a +2 leather armour (worn)
Jewellery
 j - a ring of flight
Scrolls
 c - a scroll of butterflies
 e - a scroll of enchant armour {unknown}
 f - a scroll of amnesia {unknown}
 g - a scroll of blinking {unknown}
Potions
 d - 2 potions of might {unknown}
 h - a potion of heal wounds {unknown}
 i - a potion of curing {unknown}


   Skills:
 + Level 2.9 Fighting
 + Level 3.2 Long Blades
 + Level 1.7 Armour
 + Level 1.1 Dodging
 * Level 0.6 Spellcasting


You had 3 spell levels left.
You didn't know any spells.
Your spell library was empty.

Dungeon Overview and Level Annotations

Branches:
Dungeon (2/15)

Altars:
Xom


Innate Abilities, Weirdness & Mutations

You have extremely sharp teeth.
When hurt, damage is shared between your health and your magic reserves.
Your bite disrupts and absorbs the magic of your enemies.
Potions cannot restore your health.
You sometimes lose your temper in combat.
You are very frail. (-20% HP)
Your system is resistant to poisons. (rPois)
Your muscles are strong. (Str +4, Int/Dex -1)


Message History

You start waiting.
Your trail of clouds dissipates.
You start waiting.
Done waiting.
You start waiting.
Done waiting.
You start waiting.
Done waiting.
You start waiting.
Done waiting.
You start waiting.
Done waiting.
You start waiting.
Done waiting.
You start waiting.
Done waiting.
You start waiting.
Done waiting.
You start waiting.
Xom's power brushes against you for a moment.
Your body is suffused with distortional energy.
You feel stronger.
You feel frail.
You start waiting. "There, this looks better."
You start waiting.
Done waiting.
You start waiting.
Done waiting.
You start waiting.
Done waiting.
You start waiting.
Done waiting.
You start waiting. "You have displeased me, mortal."
You feel dopey.
You start waiting.
Done waiting.
You start waiting.
Xom is getting BORED.
Are you sure you want to abandon this character and quit the game? (Confirm with "yes".)

#.########
#########........#
#.......#........#
#................#
#......._........#
#................##
######..................
#............##.......##
#.####.@.....##.......##
#.# #.......###########
#.# ######### # #.# #
#.# # #.# ###### #.#
#....^ #.# #..... #.#
#.....


There were no monsters in sight!

Vanquished Creatures
  A dart slug (D:1)
  3 endoplasms (D:1)
  A giant cockroach (D:1)
  2 goblins (D:1)
  6 hobgoblins (D:1)
  A kobold (D:1)
  A ball python (D:1)
  2 bats (D:1)
  3 rats (D:1)
20 creatures vanquished.

Notes
Turn   | Place    | Note
-------+----------+-------------------------------------------
     0 | D:1      | Xavori the Vine Stalker Chaos Knight began the quest for
                  | the Orb.
     0 | D:1      | Reached XP level 1. HP: 11/11 MP: 2/2
     9 | D:1      | Reached skill level 1 in Dodging
   130 | D:1      | Reached XP level 2. HP: 16/16 MP: 3/3
   159 | D:1      | Reached skill level 3 in Long Blades
   728 | D:1      | Reached XP level 3. HP: 16/19 MP: 2/4
  2374 | D:1      | XOM is BORED!
  5181 | D:1      | XOM: silly message
  5225 | D:1      | XOM: silly message
  5678 | D:1      | XOM is BORED!
  6876 | D:1      | XOM: god gift: 47 gold pieces
  7081 | D:1      | XOM: draining
  7316 | D:1      | XOM: silly message
  7332 | D:1      | XOM: give mutations
  7332 | D:1      | Gained mutation: You sometimes lose your temper in combat.
                  | [Xom's mischief]
  7332 | D:1      | Gained mutation: Your system is resistant to poisons.
                  | (rPois) [Xom's mischief]
  7332 | D:1      | Gained mutation: You are frail. (-10% HP) [Xom's mischief]
  7638 | D:1      | XOM: cloud trail
  8619 | D:1      | XOM: give mutations
  8619 | D:1      | Gained mutation: Your muscles are strong. (Str +4, Int/Dex
                  | -1) [Xom's mischief]
  8619 | D:1      | Gained mutation: You are very frail. (-20% HP) [Xom's
                  | mischief]
  8669 | D:1      | XOM: scenery: create altars
  9161 | D:1      | XOM: stat loss: -1 Int (10/11)
  9336 | D:1      | Quit the game

Illustrated notes

Levels and vault maps discovered:
D:1:      dpeg_chamrin_arrival_tetris, layout_basic, st_stairs_9
D:2:      layout_basic

Skill      XL: |  1  2 |
---------------+-------+-----
Dodging        | 1 |  1.1
Long Blades    | 3 |  3.2
Fighting       | |  2.9
Armour         | |  1.7
Spellcasting   | |  0.6

Action                     || total
---------------------------++-------
  Melee: Falchion          ||    46
         Bite              ||     9
         Punch             ||     1
 Armour: Leather armour    ||    19
  Dodge: Dodged            ||    31

Table legend: (Time is in decaauts)
 A = Elapsed time spent in this place.
 B = Non-inter-level travel time spent in this place.
 C = Inter-level travel time spent in this place.
 D = Time resting spent in this place.
 E = Time spent auto-exploring this place.
 F = Levels seen in this place.
 G = Mean time per level.
                   A        B        C        D        E       F      G
               +--------+--------+--------+--------+--------+-----+--------+
         Total |   9343 |   9292 |     51 |   8403 |    762 |   2 | 4671.5 |
       Dungeon |   9343 |   9292 |     51 |   8403 |    762 |   2 | 4671.5 |
               +--------+--------+--------+--------+--------+-----+--------+

Top non-repeatable levels by time:
     D:1: 9341 daAuts
     D:2: 1 daAuts
